 Dungeon Crawl Stone Soup version 0.18.1-5-g4a78601 (webtiles) character file.

1082 Guinours the Shield-Bearer (level 8, -2/48 HPs)
             Began as a Gargoyle Fighter on May 12, 2016.
             Was a Believer of Zin.
             Slain by a five-headed hydra (4 damage)
             ... on level 6 of the Dungeon.
             The game lasted 00:31:48 (4511 turns).

Guinours the Shield-Bearer (Gargoyle Fighter)       Turns: 4511, Time: 00:31:51

Health: -2/48      AC: 12    Str: 20    XL:     8   Next: 30%
Magic:  8/8        EV: 10    Int:  9    God:    Zin [**....]
Gold:   206        SH: 12    Dex: 11    Spells: 0 memorised, 7 levels left

rFire  . . .     SeeInvis .     i - +2 spear (pierce)
rCold  . . .     Gourm    .     b - +0 scale mail
rNeg   + . .     Faith    .     c - +2 shield
rPois  ∞         Spirit   .     (no helmet)
rElec  +         Dismiss  .     (no cloak)
rCorr  .         Reflect  .     (no gloves)
SustAt .         Harm     .     (no boots)
MR     .....                    (no amulet)
Stlth  ..........               (no ring)
                                r - +1 ring of evasion

@: not resistant to hostile enchantments, extremely unstealthy
A: negative energy resistance 1, electricity resistance, unbreathing,
petrification resistance, rot immunity, AC +5
a: Recite, Vitalisation, Donate Gold, Renounce Religion


You were on level 6 of the Dungeon.
You worshipped Zin.
Zin was pleased with you.
You were not hungry.

You visited 1 branch of the dungeon, and saw 6 of its levels.

You collected 228 gold pieces.
You donated 22 gold pieces to Zin.

Inventory:

Hand Weapons
 e - a cursed -1 scythe
 i - a +2 spear of piercing (weapon)
 x - a cursed -1 flail
Armour
 b - a +0 scale mail (worn)
 c - a +2 shield (worn)
Jewellery
 p - an uncursed amulet of inaccuracy
 r - a +1 ring of evasion (left hand)
Wands
 o - a wand of teleportation (4/9)
 q - a wand of lightning (14/15)
 u - a wand of confusion (27/48)
Scrolls
 a - 2 scrolls of amnesia
 j - a scroll of noise
 k - 3 scrolls of identify
 l - a scroll of teleportation
 n - a scroll of blinking
 s - a scroll of immolation
 t - 2 scrolls of remove curse
 y - a scroll of enchant weapon {unknown}
Potions
 d - 2 potions of might
 h - 2 potions of degeneration
 m - 2 potions of heal wounds {unknown}
 v - 6 potions of curing
 z - a potion of berserk rage {unknown}
 B - a potion of invisibility {unknown}
Comestibles
 f - 3 bread rations
 g - 4 meat rations
 w - a beef jerky
 A - a slice of pizza
 C - 4 fruits


   Skills:
 + Level 4.8 Fighting
   Level 2.2(3.2) Axes
 * Level 3.6(3.9) Polearms
 + Level 5.0 Armour
 + Level 3.3 Dodging
 + Level 0.8 Stealth
 + Level 6.6 Shields


You had 7 spell levels left.
You didn't know any spells.

Dungeon Overview and Level Annotations

Branches:
Dungeon (6/15)             Temple (0/1) D:5

Altars:
Cheibriados
Ru
Vehumet
Yredelemnul
Zin

Portals:
Sewer: D:3


Innate Abilities, Weirdness & Mutations

You are resistant to torment.
Your stone body is resilient (AC +5).
You are immune to poison.
You resist negative energy.
You are resistant to electric shocks.
You can survive without breathing.
You are immune to petrification.
You are immune to rotting.


Message History

The five-headed hydra barely misses you.
The five-headed hydra bites you but does no damage.
You block the five-headed hydra's attack.
You block the five-headed hydra's attack.
The five-headed hydra barely misses you.
The five-headed hydra bites you.
* * * LOW HITPOINT WARNING * * *
The five-headed hydra bites you but does no damage.
You block the five-headed hydra's attack.
There is a stone staircase leading up here.
Zapping:
o - a wand of teleportation (will waste charges)
Press: ? - help, Shift-Dir - straight line, f - five-headed hydra
Aim: a five-headed hydra (chance to defeat MR: 19%)
The five-headed hydra resists with almost no effort.
Evoking this partially-identified wand wasted a few charges.
The five-headed hydra bites you.
* * * LOW HITPOINT WARNING * * *
The five-headed hydra bites you but does no damage.
The five-headed hydra bites you.
You die...

#.####.....##..........######
#..#.##.................
#...#.##..#####......####
#..##.#...## ###.##.....
###..##......# #.# #####
.............# ##.######
##..###.<.[..# #^......#
..#..###[#...######.#####.#
#......))......@....#
..#.###########.D...# #####.#
# #.#####.# #.......#
####.#### #.# #####.# #.....#


You could see a five-headed hydra.

Vanquished Creatures
  The ghost of Guinours the Sneak, a novice HaAs of Elyvilon (D:5)
  Sigmund (D:2)
  A phantom (D:4)
  A centaur (D:5)
  A gnoll sergeant (D:5)
  2 hounds
  4 orc wizards
  An orc priest (D:4)
  Jessica (D:2)
  A worker ant (D:4)
  A hound zombie (D:5)
  3 gnolls (D:5)
  4 adders
  A river rat (D:3)
  2 worms (D:5)
  4 dart slugs
  A giant gecko (D:5)
  15 orcs
  4 ball pythons
  6 giant cockroaches
  9 goblins
  6 hobgoblins
  4 jackals (D:1)
  2 quokkas
  8 bats
  A giant newt (D:3)
  A jackal zombie (D:4)
  6 kobolds
  7 rats
99 creatures vanquished.

Notes
Turn   | Place    | Note
--------------------------------------------------------------
     0 | D:1      | Guinours the Gargoyle Fighter began the quest for the Orb.
     0 | D:1      | Reached XP level 1. HP: 14/14 MP: 1/1
   194 | D:1      | Reached XP level 2. HP: 19/19 MP: 2/2
   598 | D:1      | Reached XP level 3. HP: 23/23 MP: 3/3
  1063 | D:2      | Noticed Sigmund
  1119 | D:2      | Killed Sigmund
  1119 | D:2      | Reached skill level 1 in Polearms
  1119 | D:2      | Reached skill level 1 in Dodging
  1119 | D:2      | Reached skill level 4 in Shields
  1119 | D:2      | Reached XP level 4. HP: 5/29 MP: 4/4
  1119 | D:2      | Reached XP level 5. HP: 5/33 MP: 5/5
  1374 | D:2      | Noticed Jessica
  1387 | D:2      | Killed Jessica
  1539 | D:2      | Found a glowing silver altar of Zin.
  1572 | D:2      | Became a worshipper of Zin the Law-Giver
  1594 | D:2      | Reached XP level 6. HP: 38/38 MP: 6/6
  1600 | D:2      | Found a sacrificial altar of Ru.
  2128 | D:3      | Found a basalt altar of Yredelemnul.
  2158 | D:3      | Reached * piety under Zin
  2271 | D:3      | Found a glowing drain.
  2805 | D:3      | Found a snail-covered altar of Cheibriados.
  2896 | D:4      | Reached skill level 5 in Shields
  2921 | D:4      | Noticed a phantom
  2985 | D:4      | Killed a phantom
  3061 | D:4      | Reached XP level 7. HP: 27/42 MP: 7/7
  3155 | D:4      | Reached ** piety under Zin
  3340 | D:4      | Found a radiant altar of Vehumet.
  3480 | D:5      | Entered Level 5 of the Dungeon
  3531 | D:5      | Found a staircase to the Ecumenical Temple.
  3831 | D:5      | Noticed Guinours's ghost (novice HaAs)
  3852 | D:5      | Killed Guinours's ghost
  3852 | D:5      | Reached skill level 6 in Shields
  3852 | D:5      | Reached XP level 8. HP: 43/48 MP: 8/8
  3942 | D:5      | Reached skill level 5 in Armour
  4479 | D:6      | Noticed a five-headed hydra
  4511 | D:6      | HP: 2/48 [five-headed hydra (4)]
  4511 | D:6      | Slain by a five-headed hydra

Skill      XL: |  1  2  3  4  5  6  7  8 |
---------------+-------------------------+-----
Axes           | 2 |  2.2
Polearms       | 1 2 3 |  3.6
Armour         | 4 5 |  5.0
Dodging        | 1 2 3 |  3.3
Shields        | 4 5 6 |  6.6
Fighting       | 4 |  4.8
Stealth        | |  0.8

Action                   |  1- 3 |  4- 6 |  7- 9 || total
-------------------------+-------+-------+-------++-------
Melee: War axe           |    25 |       |       ||    25
       Spear             |    82 |   193 |   192 ||   467
Evoke: Wand              |       |       |     1 ||     1
  Use: Scroll            |     2 |     6 |     1 ||     9
       Potion            |     2 |       |       ||     2
  Eat: Chunk             |     1 |     1 |       ||     2
       Bread ration      |       |     1 |     1 ||     2
       Pizza             |       |     1 |       ||     1
Armor: Scale mail        |    48 |    61 |    81 ||   190
       Skin              |    10 |       |       ||    10
Dodge: Dodged            |    19 |    44 |    51 ||   114
Block: Shield            |    48 |   111 |   107 ||   266
